 Dungeon Sprint DCSS version 0.26-a0-651-gb41185065b (webtiles) character file.

Game seed: 4305057759300123748

2377 sahdkjhfkaj the Destroyer (level 9, -1/51 HPs)
             Began as an Octopode Conjurer on Oct 1, 2020.
             Was an Initiate of Gozag.
             Killed by an exploding fulminant prism (19 damage)
             ... created by the player character
             ... in the Dungeon (Sprint VII: "The Pits").
             The game lasted 00:08:07 (1864 turns).

sahdkjhfkaj the Destroyer (Octopode Conjurer)       Turns: 1864, Time: 00:08:08

Health: -1/51      AC:  1    Str: 10    XL:     9   Next: 45%
Magic:  11/24      EV: 13    Int: 23    God:    Gozag
Gold:   1242       SH:  0    Dex: 13    Spells: 19/30 levels left

rFire    . . .     SeeInvis .   p - +4 quarterstaff (speed)
rCold    . . .     Faith    .   (shield currently unavailable)
rNeg     . . .     Spirit   .   (helmet restricted)
rPois    .         Reflect  .   (no amulet)
rElec    .         Harm     .   g - +3 ring of strength
rCorr    .         Rampage  .   j - +3 ring of dexterity
MR       .....     NoTele   +   (no ring)
Stlth    +++.......             (no ring)
HPRegen  0.17/turn              (no ring)
MPRegen  0.19/turn              (no ring)
                                (no ring)
                                (no ring)

@: no status effects
A: almost no armour, stealthy swim, amphibious, 8 rings, constrict 8, camouflage
1, gelatinous body 1
a: Potion Petition, Call Merchant, Bribe Branch, Renounce Religion


You were in the Dungeon.
You worshipped Gozag.
Gozag was most pleased with you.
You visited 1 branch You collected 2961 gold pieces.
You spent 412 gold pieces at shops.
You paid 1307 gold pieces to Gozag.

Inventory:

Hand Weapons
 p - a +4 quarterstaff of speed (weapon)
Jewellery
 g - a +3 ring of strength (left tentacle)
 j - a +3 ring of dexterity (right tentacle)
Scrolls
 h - 3 scrolls of remove curse
 i - 5 scrolls of amnesia
 k - 2 scrolls of vulnerability
Potions
 a - 2 potions of invisibility
 b - 8 potions of curing
 c - 8 potions of heal wounds
 d - 4 potions of haste
 e - 3 potions of magic
 f - 3 potions of berserk rage
 l - a potion of mutation
 m - a potion of stabbing
 n - a potion of brilliance
 o - 2 potions of might


   Skills:
 - Level 2.0 Dodging
 - Level 2.6 Stealth
 + Level 11.4 Spellcasting
 + Level 12.6 Conjurations
 + Level 8.6 Hexes
 + Level 8.6 Translocations


You had 19 spell levels left.
You knew the following spells:

 Your Spells              Type           Power        Failure   Level
a - Magic Dart            Conj           ####         1%          1
b - Searing Ray           Conj           ######       1%          2
c - Fulminant Prism       Conj/Hex       ######....   1%          4
d - Iskenderun's Mystic   Conj/Tloc      ######..     1%          4

Your spell library contained the following spells:

 Spells                   Type           Power        Failure   Level
 Dazzling Flash           Conj/Hex       ######       1%          3


Dungeon Overview and Level Annotations

Branches:
Dungeon (1/1)

Altars:
Ashenzari
Cheibriados
Dithmenos
Elyvilon
Fedhas
Gozag
Hepliaklqana
Kikubaaqudgha
Makhleb
Nemelex Xobeh
Okawaru
Qazlal
Ru
Sif Muna
Trog
Uskayaw
Vehumet
Wu Jian
Xom
Yredelemnul
Zin
The Shining One
Beogh
Jiyva
Lugonu

Shops:
D !!


Innate Abilities, Weirdness & Mutations

You cannot wear most types of armour.
You are very stealthy in the water. (Stealth+)
You are amphibious.
You can wear up to eight rings at the same time.
You can use your tentacles to constrict eight enemies at once.
Your skin changes colour to match your surroundings (Stealth+).
Your rubbery body absorbs attacks. (AC +1, EV +1)


Message History

A fulminant prism comes into view.
The fire bat bites you.
You are engulfed in flames.
Casting: Fulminant Prism (dangerous; 1% risk of failure)
Confirm with . or Enter, or press ? or * to list all spells.
Aiming: Magic Dart (safe; 1% risk of failure)
Press: ? - help, Shift-Dir - straight line, f - fire bat
Aim: a fire bat (heavily wounded)
The magic dart hits the fire bat.
The fire bat is severely wounded.
The fire bat bites you.
You are engulfed in flames!
Your fulminant prism crackles loudly.
Casting: Magic Dart (safe; 1% risk of failure)
Confirm with . or Enter, or press ? or * to list all spells.
Okay, then.
Unknown command.
The fire bat barely misses you.
Your fulminant prism explodes!
The blast of energy engulfs you!!
You die...
Your body crumbles into a pile of gold.

############ #_________.#
#_________.#
#_______...###########++######
##########'##................#
#..(.')))'.##......#..#......#
##########.##................+
#.[..∩.((..)(...[....[.......+
#'#####)#####(.@...#..#......#
#)#..#...'.##...b............#
#.#..#...#.#####'#####''######
#.#..#####.##.......##''#
#.#..'...#.##.......##..#
#.#..')..'.##.......##.YY
#[#..########...<...###...
#[#..'[))).##.......# #Y..
#)#.)#[))).##.......# c###


You could see a fire bat.

Vanquished Creatures
  A flayed ghost (D)
  An ice devil (D)
  6 yaks (D)
  A sky beast (D)
  A wolf (D)
  A centaur (D)
  A bullfrog (D)
  5 wights (D)
  A gnoll shaman (D)
  An orc priest (D)
  2 jellies (D)
  A mummy (D)
  4 gnolls (D)
  A river rat (D)
  An adder (D)
  2 oozes (D)
  An adder skeleton (D)
  4 orcs (D)
  A bat zombie (D)
  2 hobgoblins (D)
  A kobold (D)
  A quokka (D)
  A ball python zombie (D)
  A frilled lizard (D)
42 creatures vanquished.

Vanquished Creatures (others)
  20 fulminant prisms (D)
20 creatures vanquished.

Grand Total: 62 creatures vanquished

Notes
Turn   | Place    | Note
-------+----------+-------------------------------------------
     0 | D        | sahdkjhfkaj the Octopode Conjurer began the quest for the
                  | Orb.
     0 | D        | Reached XP level 1. HP: 11/11 MP: 3/3
    65 | D        | Found a glowing golden altar of the Shining One.
    65 | D        | Found a glowing silver altar of Zin.
    65 | D        | Found a basalt altar of Yredelemnul.
    65 | D        | Found a shimmering altar of Xom.
    65 | D        | Found an ornate altar of the Wu Jian Council.
    65 | D        | Found a bloodstained altar of Trog.
    65 | D        | Found a shimmering blue altar of Sif Muna.
    65 | D        | Found a sacrificial altar of Ru.
    65 | D        | Found a stormy altar of Qazlal.
    65 | D        | Found an iron altar of Okawaru.
    65 | D        | Found a sparkling altar of Nemelex Xobeh.
    65 | D        | Found a burning altar of Makhleb.
    65 | D        | Found a viscous altar of Jiyva.
    65 | D        | Found a hazy altar of Hepliaklqana.
    65 | D        | Found an opulent altar of Gozag.
    65 | D        | Found a blossoming altar of Fedhas.
    65 | D        | Found a white marble altar of Elyvilon.
    65 | D        | Found a shadowy altar of Dithmenos.
    65 | D        | Found a snail-covered altar of Cheibriados.
    66 | D        | Found a radiant altar of Vehumet.
    66 | D        | Found a corrupted altar of Lugonu.
    66 | D        | Found a roughly hewn altar of Beogh.
    67 | D        | Found a hide-covered altar of Uskayaw.
    67 | D        | Found an ancient bone altar of Kikubaaqudgha.
    67 | D        | Found a broken altar of Ashenzari.
    70 | D        | Became a worshipper of Gozag Ym Sagoz the Greedy
   108 | D        | Reached XP level 2. HP: 17/17 MP: 0/6
   112 | D        | Learned a level 2 spell: Searing Ray
   176 | D        | Reached skill level 5 in Conjurations
   229 | D        | Reached XP level 3. HP: 14/21 MP: 0/8
   404 | D        | Noticed a wolf
   405 | D        | Noticed a bullfrog
   412 | D        | Reached skill level 6 in Conjurations
   413 | D        | Reached skill level 5 in Spellcasting
   413 | D        | Reached skill level 7 in Conjurations
   413 | D        | Reached XP level 4. HP: 11/27 MP: 3/11
   413 | D        | Killed a wolf
   413 | D        | Reached skill level 8 in Conjurations
   413 | D        | Reached XP level 5. HP: 13/31 MP: 3/14
   413 | D        | HP: 1/31 [orc priest/nerve-wracking pain (12)]
   415 | D        | Reached skill level 9 in Conjurations
   415 | D        | Reached XP level 6. HP: 29/36 MP: 1/17
   669 | D        | Learned a level 4 spell: Fulminant Prism
   674 | D        | Learned a level 4 spell: Iskenderun's Mystic Blast
   717 | D        | Reached skill level 10 in Conjurations
   717 | D        | Reached skill level 1 in Hexes
   717 | D        | Reached skill level 1 in Translocations
   725 | D        | Reached XP level 7. HP: 14/41 MP: 5/19
   978 | D        | Noticed an ice devil
  1090 | D        | Killed an ice devil
  1090 | D        | Reached skill level 11 in Conjurations
  1090 | D        | Reached skill level 5 in Hexes
  1090 | D        | Reached skill level 5 in Translocations
  1259 | D        | Bought a potion of heal wounds for 80 gold pieces
  1259 | D        | Bought a potion of heal wounds for 80 gold pieces
  1264 | D        | Noticed a flayed ghost
  1267 | D        | Reached skill level 10 in Spellcasting
  1267 | D        | Reached XP level 8. HP: 46/46 MP: 17/22
  1271 | D        | Killed a flayed ghost
  1463 | D        | Noticed a yak
  1463 | D        | Noticed a yak
  1463 | D        | Noticed a yak
  1481 | D        | Killed a yak
  1481 | D        | Reached skill level 12 in Conjurations
  1482 | D        | Killed a yak
  1482 | D        | Reached XP level 9. HP: 40/51 MP: 16/23
  1842 | D        | Bought a potion of curing for 42 gold pieces
  1842 | D        | Bought a potion of haste for 140 gold pieces
  1842 | D        | Bought a potion of heal wounds for 70 gold pieces
  1864 | D        | Killed by an exploding fulminant prism

Illustrated notes

Levels and vault maps discovered:
D:        pitsprint [storerooms_1, entrance_room_1, metal_vault_5, armoury_2,
          mini_pit_1, grid_room_1, main_hall_1, silver_pit, the_coven_3,
          the_vestibule_1, steel_vault_4, golden_pit, hallway_of_sentries,
          crystal_vault_2, iron_vault_3, final_vault]

Skill      XL: |  1  2  3  4  5  6  7  8  9 |
---------------+----------------------------+-----
Spellcasting   | 3 4 5 7 8 9 10 11 | 11.4
Conjurations   | 5 7 8 9 10 11 12 | 12.6
Hexes          | 3 5 7 8 |  8.6
Translocations | 3 5 7 8 |  8.6
Dodging        | |  2.0
Stealth        | |  2.6

Action                   |  1- 3 |  4- 6 |  7- 9 || total
-------------------------+-------+-------+-------++-------
Melee: Unarmed           |     2 |       |       ||     2
       Quarterstaff      |     1 |       |       ||     1
       Constrict         |     1 |       |       ||     1
 Cast: Magic Dart        |     6 |     1 |     8 ||    15
       Searing Ray       |     5 |     6 |    10 ||    21
       Fulminant Prism   |       |       |    21 ||    21
Invok: Call Merchant     |       |       |     2 ||     2
  Use: Potion            |       |     1 |     3 ||     4
       Scroll            |       |     2 |       ||     2
Armor: Skin              |       |       |     1 ||     1
Dodge: Dodged            |     7 |     6 |    13 ||    26

Table legend: (Time is in decaauts)
 A = Elapsed time spent in this place.
 B = Non-inter-level travel time spent in this place.
 C = Inter-level travel time spent in this place.
 D = Time resting spent in this place.
 E = Time spent auto-exploring this place.
 F = Levels seen in this place.
 G = Mean time per level.
                   A        B        C        D        E       F      G
               +--------+--------+--------+--------+--------+-----+--------+
         Total |   1862 |   1791 |     71 |    987 |    198 |   1 | 1862.0 |
       Dungeon |   1862 |   1791 |     71 |    987 |    198 |   1 | 1862.0 |
               +--------+--------+--------+--------+--------+-----+--------+

Top non-repeatable levels by time:
       D: 1862 daAuts
